 Dungeon Crawl Stone Soup version 0.28-a0-1613-gdaab1c2f9b (webtiles) character file.

Game seed: 11402489738012062949

513 Essalna the Magician (level 7, -12/50 HPs)
             Began as a Black Draconian Earth Elementalist on Jan 21, 2022.
             Was an Initiate of Vehumet.
             Mangled by an ogre (15 damage)
             ... on level 5 of the Dungeon.
             The game lasted 00:08:33 (4637 turns).

Essalna the Magician (DrEE)                         Turns: 4637, Time: 00:08:34

Health: -12/50     AC:  6    Str: 10    XL:     7   Next: 0%
Magic:  13/13      EV: 12    Int: 18    God:    Vehumet [......]
Gold:   270        SH:  0    Dex: 11    Spells: 11/15 levels left

rFire   + . .      SeeInvis .   c - +1 dagger (elec)
rCold   + + .      Faith    .   (no shield)
rNeg    . . .      Spirit   .   (armour unavailable)
rPois   .          Reflect  .   (helmet restricted)
rElec   +          Harm     .   r - scarf {rC+ rF+}
rCorr   .          Rampage  .   (no gloves)
Will    .....                   (no boots)
Stlth   ++........              (no amulet)
HPRegen 0.16/turn               l - ring of protection from cold
MPRegen 0.13/turn               (no ring)

@: no status effects
A: breathe lightning, AC +6, unfitting armour, electricity resistance,
cold-blooded
a: Breathe Lightning, Renounce Religion


You were on level 5 of the Dungeon.
You worshipped Vehumet.
Vehumet was noncommittal.
You visited 2 branches of the dungeon, and saw 6 of its levels.

You collected 270 gold pieces.

Inventory:

Hand Weapons
 a - a +0 dagger
 c - a +1 dagger of electrocution (weapon)
Missiles
 b - 63 stones
 g - 2 throwing nets
Armour
 r - a scarf of resistance (worn)
Jewellery
 l - a ring of protection from cold (left hand)
 m - an amulet of faith
 t - a ring of flight
 v - a ring of protection from cold
Wands
 s - a wand of acid (4)
Scrolls
 d - a scroll of amnesia {unknown}
 e - a scroll of vulnerability {unknown}
 f - 2 scrolls of fog {unknown}
 h - 2 scrolls of identify {unknown}
 k - a scroll of teleportation {unknown}
 n - 2 scrolls of noise {unknown}
 p - 2 scrolls of enchant armour {unknown}
 q - 2 scrolls of blinking {unknown}
 u - a scroll of enchant weapon {unknown}
 x - a scroll of acquirement {unknown}
Potions
 i - a potion of mutation {unknown}
 j - a potion of might {unknown}
 o - 2 potions of attraction {unknown}
 w - a potion of ambrosia {unknown}


   Skills:
 - Level 1.7 Dodging
 - Level 1.7 Stealth
 + Level 4.5 Spellcasting
 + Level 3.3 Conjurations
 - Level 1.0 Transmutations
 + Level 4.4 Earth Magic


You had 11 spell levels left.
You knew the following spells:

 Your Spells              Type           Power      Damage    Failure   Level
a - Sandblast             Erth           40%        2d10      2%          1
b - Stone Arrow           Conj/Erth      36%        3d9       9%          3

Your spell library contained the following spells:

 Spells                   Type           Power      Damage    Failure   Level
 Magic Dart               Conj           64%        1d6       3%          1
 Passwall                 Tmut/Erth      10%        N/A       7%          2
 Apportation              Tloc           8%         N/A       14%         1
 Call Imp                 Summ           4%         N/A       22%         2
 Mephitic Cloud           Conj/Pois/Air  8%         N/A       26%         3
 Inner Flame              Hex/Fire       4%         N/A       38%         3
 Petrify                  Tmut/Erth      13%        N/A       41%         4
 Cause Fear               Hex            2%         N/A       80%         4
 Alistair's Intoxication  Tmut/Pois      3%         N/A       97%         5
 Discord                  Hex            2%         N/A       100%        8


Dungeon Overview and Level Annotations

Branches:
Dungeon (5/15)             Temple (1/1) D:4

Altars:
Ashenzari
Cheibriados
Dithmenos
Elyvilon
Fedhas
Gozag
Kikubaaqudgha
Nemelex Xobeh
Okawaru
Qazlal
Ru
Sif Muna
Trog
Uskayaw
Vehumet
Xom
Yredelemnul
Zin
The Shining One


Innate Abilities, Weirdness & Mutations

You can breathe wild blasts of lightning.
Your glossy black scales are hard. (AC +6)
You cannot fit into any form of body armour.
You are resistant to electric shocks. (rElec)
You are cold-blooded and may be slowed by cold attacks.


Message History

You now have 261 gold pieces (gained 12).
q - 2 scrolls labelled TEAZUE JOQIXA (gained 1)
h - 2 scrolls labelled SYUCLE ZURPH (gained 1) Key pressed, stopping explore.
Key pressed, stopping explore.
Found a stone staircase leading up.
Found a robe.
You now have 270 gold pieces (gained 9).
You pick up a book of Hexes and begin reading...
You add the spells Inner Flame, Cause Fear and Discord to your library.
You open the door.
There is an open door here.
n - 2 scrolls labelled WOS NYWOASKUN (gained 1)
Found 26 bolts.
An ogre comes into view. It is wielding a +0 giant club.
A centaur comes into view.
The ogre shouts!
The centaur shouts!
You hear a shout!
A bullfrog skeleton comes into view.
The centaur wields a +0 shortbow.
The centaur shoots an arrow.
The arrow hits you!
The ogre hits you with a +0 giant club!!
The centaur shoots an arrow.
The arrow hits you.
The centaur shoots an arrow.
The arrow hits you but does no damage.
An orc comes into view. It is wielding a +0 dagger.
The ogre hits you with a +0 giant club!
* * * LOW HITPOINT WARNING * * *
The centaur shoots an arrow.
The arrow barely misses you. The bullfrog skeleton hits you.
* * * LOW HITPOINT WARNING * * *
An adder comes into view.
The ogre closely misses you.
The centaur unwields a +0 shortbow.
The centaur barely misses you.
The centaur kicks you but does no damage.
The bullfrog skeleton misses you. The centaur hits you.
* * * LOW HITPOINT WARNING * * *
The centaur closely misses you.
The bullfrog skeleton barely misses you.
The ogre hits you with a +0 giant club!
You die...

.# .# .............# .#
#.S..........# .#
#.....o......# .#
#..........!.# .#
#............# .#
#.........(..# .#
#....cZ......# .#
#O@...##.#
.##############.........
.......................8
.....................!.#
########.######........8
......##.# ###.......
......##.# .......
......##.# .......
########.# .......


You could see an ogre, a centaur, an adder, an orc and a bullfrog skeleton.

Vanquished Creatures
  A centaur (D:5)
  A bullfrog (D:4)
  A scorpion (D:4)
  An orc priest (D:5)
  3 orc wizards
  Robin (D:2)
  4 adders
  2 worms
  A dart slug (D:4)
  3 orcs
  5 ball pythons
  6 endoplasms
  4 giant cockroaches
  9 hobgoblins
  4 jackals (D:2)
  4 kobolds
  A quokka (D:4)
  4 bats
  2 frilled lizards (D:2)
  8 goblins
  5 rats
70 creatures vanquished.

Vanquished Creatures (others)
  A sky beast (D:5)
1 creature vanquished.

Grand Total: 71 creatures vanquished

Notes
Turn   | Place    | Note
-------+----------+-------------------------------------------
     0 | D:1      | Essalna the Draconian Earth Elementalist began the quest
                  | for the Orb.
     0 | D:1      | Reached XP level 1. HP: 14/14 MP: 3/3
   391 | D:1      | Reached XP level 2. HP: 18/20 MP: 5/5
  1029 | D:2      | Found a faded altar of an unknown god.
  1088 | D:2      | Found a shadowy altar of Dithmenos.
  1218 | D:2      | Reached XP level 3. HP: 26/26 MP: 7/7
  1222 | D:2      | Learned a level 3 spell: Stone Arrow
  1526 | D:2      | Noticed Robin
  1550 | D:2      | Killed Robin
  2079 | D:3      | Reached XP level 4. HP: 32/33 MP: 2/8
  2572 | D:3      | Found a glowing golden altar of the Shining One.
  2758 | D:3      | Found a faded altar of an unknown god.
  2762 | D:3      | Found a snail-covered altar of Cheibriados.
  2911 | D:4      | Found an ancient bone altar of Kikubaaqudgha.
  2915 | D:4      | Found a blossoming altar of Fedhas.
  2918 | D:4      | Found a radiant altar of Vehumet.
  2918 | D:4      | Found a sacrificial altar of Ru.
  2918 | D:4      | Found a sparkling altar of Nemelex Xobeh.
  3200 | D:4      | Reached skill level 1 in Conjurations
  3217 | D:4      | Reached XP level 5. HP: 33/38 MP: 2/10
  3415 | D:4      | Reached XP level 6. HP: 40/45 MP: 7/12
  3453 | D:4      | Found a staircase to the Ecumenical Temple.
  3464 | Temple   | Entered the Ecumenical Temple
  3838 | D:4      | Became a worshipper of Vehumet
  4240 | D:5      | Entered Level 5 of the Dungeon
  4261 | D:5      | Reached skill level 5 in Earth Magic
  4394 | D:5      | Noticed a sky beast
  4401 | D:5      | Killed a sky beast
  4416 | D:5      | Your scales start taking on a glossy black colour.
  4416 | D:5      | Reached XP level 7. HP: 30/50 MP: 2/13
  4416 | D:5      | Gained mutation: You are resistant to electric shocks.
                  | (rElec) [Black Draconian growth]
  4637 | D:5      | Mangled by an ogre

Illustrated notes

Levels and vault maps discovered:
D:1:      elethiomel_arrival_infinity_welcomes_careful_drivers,
          layout_loops_ring, due_unseen_surprise
D:2:      layout_loops_ring, basic_altar,
          hellmonk_ecumenical_altar_heavens_door, minmay_crystal_room,
          uniq_robin
D:3:      layout_loops_cross, nicolae_overflow_ecumenical_swirl,
          nicolae_overflow_hidden_temple, feat_on_display
D:4:      layout_rooms, grunt_temple_overflow_open,
          minmay_temple_entry_mini_moons
D:5:      layout_basic, minmay_statues_item
Temple:   minmay_temple_bridge_abc

Skill      XL: |  1  2  3  4  5  6 |
---------------+-------------------+-----
Spellcasting   | 3 4 |  4.5
Earth Magic    | 4 4 |  4.4
Conjurations   | 1 2 3 |  3.3
Dodging        | |  1.7
Stealth        | |  1.7
Transmutations | |  1.0

Action                   |  1- 3 |  4- 6 |  7- 9 || total
-------------------------+-------+-------+-------++-------
Melee: Dagger            |    95 |    63 |       ||   158
       Punch             |     1 |       |       ||     1
       Tailslap          |     7 |     6 |       ||    13
 Cast: Sandblast         |    17 |    24 |       ||    41
       Stone Arrow       |       |    11 |       ||    11
  Use: Potion            |       |     2 |       ||     2
 Stab: Sleeping          |     4 |       |       ||     4
Armor: Skin              |    33 |    46 |     2 ||    81
Dodge: Dodged            |    81 |    70 |     6 ||   157

Table legend: (Time is in decaauts)
 A = Elapsed time spent in this place.
 B = Non-inter-level travel time spent in this place.
 C = Inter-level travel time spent in this place.
 D = Time resting spent in this place.
 E = Time spent auto-exploring this place.
 F = Levels seen in this place.
 G = Mean time per level.
                   A        B        C        D        E       F      G
               +--------+--------+--------+--------+--------+-----+--------+
         Total |   4637 |   4455 |    182 |      0 |   3790 |   6 |  772.8 |
       Dungeon |   4407 |   4243 |    164 |      0 |   3648 |   5 |  881.4 |
        Temple |    229 |    211 |     18 |      0 |    142 |   1 |  229.0 |
               +--------+--------+--------+--------+--------+-----+--------+

Top non-repeatable levels by time:
     D:3: 1138 daAuts
     D:1: 1011 daAuts
     D:2: 967 daAuts
     D:4: 929 daAuts
     D:5: 361 daAuts
  Temple: 229 daAuts
